 Dungeon Crawl Stone Soup version 0.31-b1-22-gc680215f68 (webtiles) character file.

Game seed: 3357052304400754745

116537 Hycrow the Slayer (level 16, -15/247 (252) HPs)
             Began as a Minotaur Berserker on Jan 18, 2024.
             Was a High Priest of Trog.
             Demolished by Saint Roka
             ... wielding a +0 war axe
              (20 damage)
             ... on level 2 of the Orcish Mines.
             The game lasted 00:31:19 (28560 turns).

Hycrow the Slayer (Minotaur Berserker)             Turns: 28560, Time: 00:31:19

HP:   -15/247 (252) AC: 16    Str: 28    XL:     16   Next: 21%
MP:   15/15         EV: 10    Int:  4    God:    Trog [*****.]
Gold: 2824          SH:  5    Dex: 12    Spells: 15/15 levels left

rFire   + . .        d - +3 war axe (flame)
rCold   . . .        c - +0 buckler
rNeg    . . .        i - +1 chain mail {rF+}
rPois   +            (helmet restricted)
rElec   .            o - +0 cloak
rCorr   +            (no gloves)
SInv    +            (no boots)
Will    +....        R - amulet "Qutenum" {Acrobat rPois} Stlth
                     m - ring of resist corrosion
HPRegen 0.61/turn    K - ring of see invisible
MPRegen 0.14/turn

%: acrobat
@: berserking, lightly drained, very quick
A: horns 2, retaliatory headbutt
a: Renounce Religion, Berserk, Trog's Hand, Brothers in Arms


You were on level 2 of the Orcish Mines.
You worshipped Trog.
Trog was extremely pleased with you.
You visited 3 branches of the dungeon, and saw 22 of its levels.

You collected 2824 gold pieces.

Inventory:

Hand Weapons
 b - a +2 whip of flaming
 d - a +3 war axe of flaming (weapon)
 F - a +3 scimitar of flaming
 P - a +1 broad axe
Armour
 c - a +0 buckler (worn)
 i - a +1 chain mail of fire resistance (worn)
 o - a +0 cloak (worn)
Jewellery
 g - a ring of protection from fire
 m - a ring of resist corrosion (left hand)
 r - a ring of positive energy
 G - an amulet of reflection
 K - a ring of see invisible (right hand)
 R - the amulet "Qutenum" (around neck) {Acrobat rPois}
   (You found it on level 15 of the Dungeon)

   [amulet of the acrobat]

   Acrobat:   It increases your evasion while moving and waiting.
   rPois:     It protects you from poison
Wands
 h - a wand of roots (22)
 j - a wand of flame (86)
 l - a wand of mindburst (4)
 n - a wand of charming (27)
 H - a wand of polymorph (18)
 I - a wand of quicksilver (4)
 M - a wand of digging (3)
Scrolls
 a - a scroll of brand weapon
 e - 3 scrolls of teleportation
 k - 7 scrolls of identify
 p - a scroll of fear
 v - 2 scrolls of revelation
 w - 2 scrolls of butterflies
 C - 2 scrolls of blinking
 D - 7 scrolls of enchant armour
 E - 2 scrolls of fog
 Q - a scroll of enchant weapon {unknown}
Potions
 f - 2 potions of might
 s - 7 potions of enlightenment
 t - 7 potions of curing
 u - a potion of attraction
 x - 2 potions of ambrosia
 z - 6 potions of haste
 A - 2 potions of mutation
 B - 4 potions of resistance
 J - 2 potions of heal wounds
 L - a potion of lignification
 N - a potion of invisibility
 O - a potion of berserk rage {unknown}
Miscellaneous
 q - a phial of floods
 y - a phantom mirror


   Skills:
 * Level 21.6 Fighting
 * Level 21.6 Axes
 - Level 15.0 Armour
 - Level 2.1 Dodging
 - Level 5.0 Shields
 - Level 5.0 Evocations


You had 15 spell levels left.
You didn't know any spells.
Your spell library was empty.

Dungeon Overview and Level Annotations

Branches:
Dungeon (15/15)            Temple (0/1) D:6            Lair (5/5) D:8
 Shoals (0/4) Lair:3        Snake (0/4) Lair:2        Slime (0/5) Lair:4
    Orc (2/2) D:12         Vaults (0/5) D:14         Depths (0/4) D:15
    Elf: Orc:2

Altars:
Ashenzari
Fedhas
Gozag
Kikubaaqudgha
Makhleb
Nemelex Xobeh
Okawaru
Qazlal
Ru
Trog
Uskayaw
Vehumet
Wu Jian
Yredelemnul
Zin
Jiyva

Shops:
D:2 [   D:15 (

Annotations:
D:2 2 transporters
D:9 2 runed translucent doors
Orc:2 Saint Roka


Innate Abilities, Weirdness & Mutations

You have a pair of horns on your head.
You reflexively headbutt those who attack you in melee.


Message History

You hit Saint Roka. You burn Saint Roka.
You headbutt Saint Roka, but do no damage.
Saint Roka is heavily wounded.
Saint Roka hits you with a +0 war axe!!
* * * LOW HITPOINT WARNING * * *
You hit Saint Roka but do no damage. You headbutt Saint Roka.
Saint Roka is heavily wounded.
Saint Roka invokes the aid of Beogh against you.
Beogh smites you!
* * * LOW HITPOINT WARNING * * *
A red film seems to cover your vision as you go berserk!
You feel yourself moving faster!
You feel mighty! Saint Roka hits you with a +0 war axe!!
* * * LOW HITPOINT WARNING * * *
You hit Saint Roka but do no damage. Your headbutt misses Saint Roka.
Saint Roka is heavily wounded.
You slash Saint Roka! You burn Saint Roka.
Saint Roka is severely wounded.
An orc priest comes into view.
It is wielding a +0 whip and wearing a +2 leather armour of cold resistance.
Saint Roka roars a battlecry!
The orc priest goes into a battle-frenzy!
The orc priest shouts!
You slash Saint Roka! You burn Saint Roka.
Saint Roka is severely wounded.
You hit Saint Roka but do no damage.
You headbutt Saint Roka, but do no damage.
Saint Roka is severely wounded.
The orc priest invokes the aid of Beogh against you.
Beogh smites you!
* * * LOW HITPOINT WARNING * * *
Saint Roka invokes the aid of Beogh against you.
Beogh smites you!
* * * LOW HITPOINT WARNING * * *
You slash Saint Roka! You burn Saint Roka. You headbutt Saint Roka.
Saint Roka is almost dead.
You hit Saint Roka. You burn Saint Roka.
Saint Roka is almost dead.
Saint Roka hits you with a +0 war axe!!
You die...
Saint Roka roars, "Praise to Beogh!"

#### ##.. ...#...
###..## #... .......
......###..# ......
......#...##....
#....##....#.# ##
#.)........).#.#.. #..
##)..[$..........#
#..#<[[[)#.....#......
#...)@o[).....##......
##....).....###.. ....
###.#........... ...
.#.##$......... ..
................. .
#.#.#....$.......
####....o........
##.#.....$#...
#####....##.


You could see Saint Roka and an orc priest (strong).

Vanquished Creatures
  A tengu reaver (D:15)
  Donald (Orc:2)
  Azrael (Orc:1)
  4 vault guards (D:14)
  9 centaur warriors
  5 hydras
  A catoblepas (D:15)
  4 ogre magi
  6 boulder beetles
  10 two-headed ogres
  3 death yaks (Lair:3)
  An orc high priest (Orc:1)
  5 skysharks
  The ghost of Caczuus the Covert, a novice SpEE of Ashenzari (Lair:1)
  An arcanist (D:13)
  A glowing orange brain (Lair:1)
  4 skeletal warriors (D:12)
  A flayed ghost (D:15)
  Pikel (D:4)
  2 deep trolls (Orc:2)
  A harpy (shapeshifter) (D:15)
  2 deep elf pyromancers
  A wolf spider (D:15)
  2 orc knights
  A shining eye (shapeshifter) (D:15)
  An oklob plant (Lair:5)
  An orc sorcerer (Orc:2)
  17 ugly things
  11 cyclopes
  2 manticores
  Maurice (Orc:1)
  A meliai (shapeshifter) (D:15)
  A moth of wrath (shapeshifter) (D:15)
  A meliai (D:15)
  4 kobold blastminers
  A water nymph (shapeshifter) (D:15)
  16 elephants
  A black mamba (Lair:5)
  15 cane toads
  A gargoyle (D:10)
  2 cane toads (shapeshifter) (D:15)
  5 rime drakes
  2 torpor snails
  2 unseen horrors (shapeshifter) (D:15)
  A yaktaur (D:15)
  2 efreet
  An unseen horror (D:11)
  16 komodo dragons
  2 tengu conjurers
  12 trolls
  2 polar bears
  A wolf spider simulacrum (D:15)
  31 blink frogs
  A tyrant leech (Lair:5)
  7 dream sheep (Lair:5)
  A glass eye (shapeshifter) (D:15)
  10 slime creatures
  7 wyverns
  60 yaks
  2 vampires
  5 wraiths
  2 shadows
  3 hogs (D:14)
  3 fire elementals
  3 steam dragons
  3 wargs
  5 basilisks
  Menkaure (D:7)
  11 vampire mosquitoes
  An acid dragon (D:14)
  19 water moccasins
  A hell hound (Orc:2)
  5 laughing skulls
  11 orc warriors
  4 black bears
  An ice beast (D:6)
  A swamp drake (shapeshifter) (D:15)
  12 ogres
  9 wolves
  15 centaurs
  3 phantoms
  2 lemures (D:4)
  2 kobold brigands
  A gnoll sergeant (D:9)
  18 bullfrogs
  7 scorpions
  12 wights
  8 killer bees
  2 troll zombies (D:12)
  3 howler monkeys
  2 vampire bats (D:9)
  3 electric eels (Lair:5)
  4 hounds
  14 orc priests
  3 bombardier beetles
  Crazy Yiuf (D:3)
  A gnoll bouda (D:7)
  9 jellies
  2 sleepcaps
  5 iguanas
  A scorpion zombie (D:4)
  13 orc wizards
  4 ogre zombies (D:12)
  A hound zombie (D:4)
  12 gnolls
  2 river rats (D:4)
  9 adders
  A shadow imp (D:6)
  4 white imps
  2 ufetubi (D:7)
  An adder zombie (D:4)
  A dart slug (D:4)
  A ribbon worm (D:4)
  55 orcs
  A bat skeleton (D:9)
  4 bat zombies (D:9)
  8 endoplasms
  3 giant cockroaches
  A gnoll zombie (D:12)
  8 goblins
  9 hobgoblins
  A jackal (D:4)
  16 kobolds
  5 quokkas
  8 ball pythons
  5 bats
  3 frilled lizards
  4 gnoll skeletons (D:12)
  An orc skeleton (D:12)
  12 orc zombies (D:12)
  A quokka zombie (D:4)
  4 rats
728 creatures vanquished.

Vanquished Creatures (collateral kills)
  Kirke (D:14)
  A catoblepas (D:15)
  An ogre mage (Orc:2)
  A harpy (shapeshifter) (D:15)
  A cyclops (shapeshifter) (D:15)
  A kobold blastminer (Orc:2)
  A hell hound (Orc:2)
  2 orc warriors (D:15)
  2 ogres (Orc:2)
  An orc wizard (Orc:2)
  2 orcs
14 creatures vanquished.

Vanquished Creatures (others)
  4 humans (D:14)
  A warg (Orc:2)
  A kobold (D:9)
6 creatures vanquished.

Grand Total: 748 creatures vanquished

Notes
Turn   | Place    | Note
-------+----------+-------------------------------------------
     0 | D:1      | Hycrow the Minotaur Berserker began the quest for the Orb.
     0 | D:1      | Reached XP level 1. HP: 19/19 MP: 0/0
   166 | D:1      | Found a faded altar of an unknown god.
   262 | D:1      | Reached XP level 2. HP: 23/27 MP: 1/1
   423 | D:2      | Found a transporter.
   427 | D:2      | Found Mueliehuin's Armour Emporium.
   502 | D:2      | Found an iron altar of Okawaru.
   881 | D:2      | Reached skill level 1 in Shields
   903 | D:2      | Reached XP level 3. HP: 32/33 MP: 2/2
  1034 | D:2      | Found a transporter.
  1151 | D:3      | Found a burning altar of Makhleb.
  1233 | D:3      | Reached XP level 4. HP: 40/41 MP: 3/3
  1408 | D:3      | Reached ** piety under Trog
  1464 | D:3      | Found a sparkling altar of Nemelex Xobeh.
  1554 | D:3      | Found an ornate altar of the Wu Jian Council.
  1576 | D:3      | Reached skill level 5 in Fighting
  1580 | D:3      | Reached skill level 5 in Axes
  1666 | D:3      | Found an opulent altar of Gozag.
  1706 | D:3      | Found a runed translucent door.
  1707 | D:3      | Noticed Crazy Yiuf
  1733 | D:3      | Reached XP level 5. HP: 48/48 MP: 4/4
  1746 | D:3      | Found a stormy altar of Qazlal.
  1958 | D:3      | Killed Crazy Yiuf
  2104 | D:4      | Noticed Pikel
  2104 | D:4      | Noticed a lemure
  2105 | D:4      | Noticed a lemure
  2108 | D:4      | Noticed a lemure
  2109 | D:4      | Killed a lemure
  2112 | D:4      | Noticed a lemure
  2113 | D:4      | Killed a lemure
  2122 | D:4      | Killed Pikel
  2123 | D:4      | Reached XP level 6. HP: 37/58 MP: 5/5
  2123 | D:4      | Reached XP level 7. HP: 41/64 MP: 6/6
  2305 | D:4      | Found a basalt altar of Yredelemnul.
  2509 | D:4      | Reached *** piety under Trog
  3241 | D:4      | Reached XP level 8. HP: 73/73 MP: 7/7
  3293 | D:4      | Reached skill level 5 in Armour
  3928 | D:5      | Entered Level 5 of the Dungeon
  4218 | D:5      | Reached skill level 5 in Shields
  4497 | D:5      | Found a glowing silver altar of Zin.
  4640 | D:6      | Reached **** piety under Trog
  4664 | D:6      | Found a staircase to the Ecumenical Temple.
  4721 | D:6      | Reached XP level 9. HP: 83/83 MP: 8/8
  5649 | D:7      | Found a hide-covered altar of Uskayaw.
  5731 | D:7      | Noticed Menkaure
  5740 | D:7      | Killed Menkaure
  5741 | D:7      | Reached skill level 10 in Fighting
  5741 | D:7      | Reached skill level 10 in Axes
  6278 | D:8      | Found a radiant altar of Vehumet.
  6309 | D:8      | Identified the -1 pair of gloves "Hugh" {+Inv}
  6508 | D:8      | Noticed a komodo dragon
  6509 | D:8      | Found a staircase to the Lair.
  6522 | D:8      | Killed a komodo dragon
  7022 | D:8      | Found a bloodstained altar of Trog.
  7254 | D:9      | Found an iron altar of Okawaru.
  7262 | D:9      | Reached XP level 10. HP: 91/95 MP: 9/9
  7404 | D:9      | Found a sacrificial altar of Ru.
  7422 | D:9      | Found a blossoming altar of Fedhas.
  7468 | D:9      | Found a large runed translucent door.
  7468 | D:9      | Found a large runed translucent door.
  7709 | D:9      | Found a large runed translucent door.
  7709 | D:9      | Found a large runed translucent door.
  7717 | D:9      | Noticed a centaur warrior
  7756 | D:9      | Noticed a cyclops
  7763 | D:9      | Killed a cyclops
  7942 | D:9      | Killed a centaur warrior
  8037 | D:9      | Identified the +1 leather armour of the Hurling Gods
                  | {Int+5}
  8479 | D:9      | Reached ***** piety under Trog
  8504 | D:9      | Found an ancient bone altar of Kikubaaqudgha.
  8786 | D:9      | Reached XP level 11. HP: 100/106 MP: 10/10
  8822 | D:9      | Noticed a centaur warrior
  8833 | D:9      | Killed a centaur warrior
  9277 | D:10     | Entered Level 10 of the Dungeon
  9573 | D:10     | Found a broken altar of Ashenzari.
 10321 | D:11     | Reached skill level 10 in Armour
 10668 | D:11     | Found a sacrificial altar of Ru.
 10711 | D:11     | Noticed a two-headed ogre
 10721 | D:11     | Killed a two-headed ogre
 10755 | D:11     | Identified the +0 spear "Niggen" {protect, ^Contam Will+
                  | rCorr Dex+3 SInv}
 10948 | D:11     | Noticed a boulder beetle
 10970 | D:11     | Killed a boulder beetle
 10971 | D:11     | Reached XP level 12. HP: 89/118 MP: 11/11
 11186 | Lair:1   | Entered Level 1 of the Lair of Beasts
 11357 | Lair:1   | Reached skill level 15 in Fighting
 11366 | D:8      | Reached skill level 15 in Axes
 11896 | Lair:1   | Found a runed translucent gate.
 11896 | Lair:1   | Found a runed translucent gate.
 11896 | Lair:1   | Found a runed translucent gate.
 11901 | Lair:1   | Noticed Caczuus's ghost (novice SpEE)
 11904 | Lair:1   | Found a viscous altar of Jiyva.
 12652 | Lair:1   | Killed Caczuus's ghost
 12658 | Lair:1   | Received a gift from Trog
 13727 | Lair:2   | Found a staircase to the Snake Pit.
 14364 | Lair:3   | Reached XP level 13. HP: 107/130 MP: 12/12
 14494 | Lair:3   | Found a staircase to the Shoals.
 15500 | Lair:4   | Received a gift from Trog
 15737 | Lair:4   | Found a staircase to the Slime Pits.
 15737 | Lair:4   | Found a viscous altar of Jiyva.
 16470 | Lair:5   | Entered Level 5 of the Lair of Beasts
 16836 | Lair:5   | Reached XP level 14. HP: 144/144 MP: 13/13
 17784 | Lair:5   | Received a gift from Trog
 17787 | Lair:5   | Reached ****** piety under Trog
 18974 | D:12     | Reached skill level 1 in Evocations
 19839 | D:12     | Found a staircase to the Orcish Mines.
 21644 | D:14     | Noticed Kirke
 21674 | D:14     | Killed Kirke
 21675 | D:14     | Reached XP level 15. HP: 115/155 MP: 14/14
 22600 | D:14     | Received a gift from Trog
 23254 | D:14     | Found a gate to the Vaults.
 23679 | D:15     | Entered Level 15 of the Dungeon
 24182 | D:15     | Noticed a tengu reaver
 24190 | D:15     | Killed a tengu reaver
 24533 | D:15     | Found a staircase to the Depths.
 24911 | D:15     | Identified the maw talisman of the Valley of Death {rF++
                  | rC- Int+4 Dex+3}
 25315 | D:15     | Identified the amulet "Qutenum" {Acrobat rPois}
 25424 | D:15     | Received a gift from Trog
 25425 | D:15     | Reached skill level 15 in Armour
 26029 | D:15     | Found Baokleg's Weapon Emporium.
 26207 | Orc:1    | Entered Level 1 of the Orcish Mines
 26668 | Orc:1    | Found a dark tunnel.
 26827 | Orc:1    | Reached skill level 5 in Evocations
 26906 | Orc:2    | Entered Level 2 of the Orcish Mines
 26913 | Orc:2    | Noticed Donald
 26932 | Orc:2    | Noticed Maurice
 26935 | Orc:2    | Killed Donald
 27104 | Orc:2    | Noticed Azrael
 27106 | Orc:2    | Reached XP level 16. HP: 165/167 MP: 15/15
 27108 | Orc:2    | Noticed Saint Roka
 27114 | Orc:1    | Maurice stole a phial of floods
 27115 | Orc:1    | Killed Maurice
 27136 | Orc:2    | Received a gift from Trog
 28289 | Orc:1    | Killed Azrael
 28558 | Orc:2    | HP: 4/247 [Saint Roka/divine providence (10)]
 28560 | Orc:2    | Demolished by Saint Roka

Illustrated notes

Levels and vault maps discovered:
D:1:      minmay_arrival_plants_in_alcoves, layout_rooms,
          shapermc_ecumenical_altar_flowoftime
D:2:      layout_loops_ring, serial_shops, nicolae_shop_drivethru, basic_altar
D:3:      layout_basic, nicolae_overflow_crystal_walls, grunt_qazlal_clouds,
          grunt_gozag_statues, mainiacjoe_overflow_concentric_impassable,
          marbit_many_paths, minmay_misc_feat_enclosed, uniq_crazy_yiuf_cottage
D:4:      minmay_polygon_palace, layout_layer_cave,
          nicolae_yredelemnul_corpse_copse, gup_sewer_entry_bubbles, uniq_pikel
D:5:      layout_basic, zin_treasury, kennysheep_small_spiral,
          kennysheep_cross_room
D:6:      layout_rooms, minmay_temple_entry_water_ring, serial_curves,
          eino_curves_03, eino_curves_02
D:7:      layout_gridville, lemuel_tele_altar, skrybe_limestone_x,
          minmay_misc_feat_iff, serial_park_tiny_pond, serial_park_tiny_2,
          uniq_menkaure
D:8:      layout_basic, mainiacjoe_overflow_surrounded_room,
          fiery_altar_vehumet, david_lair_shrubbed
D:9:      lemuel_troll_bridge, layout_gridville, kennysheep_vampire_church,
          mainiacjoe_overflow_alcove_2, okawaru_ov_weapons_minmay,
          fedhas_ov_isle_minmay, minmay_hollow_rounded_squares
D:10:     layout_roguey, mainiacjoe_overflow_24_doors,
          nicolae_figureground_sparkle
D:11:     layout_roguey, nicolae_ru_path_of_blood
D:12:     layout_loops_ring, zombieorc1_lemuel, chequers_serial_rivers_large_a
D:13:     layout_cave_pools, kennysheep_generic_room_3
D:14:     layout_roguey, lightli_vaults_fourway_checkpoint, grunt_decor_cap,
          uniq_kirke
D:15:     vault_1, layout_loops_cross, minmay_strange_pillars, serial_shops,
          shop
Lair:1:   layout_chaotic_city, gammafunk_ghost_ooze
Lair:2:   layout_hall_layers, dummy_snake_entry
Lair:3:   layout_hall_layers, shoals_dummy_entry, serial_bayou_pond_c
Lair:4:   layout_misc_corridors, nicolae_slime_entry_slimehenge, minivault_24,
          nzn_random_ring
Lair:5:   minmay_lair_end_frog_pond, layout_gridlike, minmay_lair_oklob_bushes,
          columned_hall_lemuel
Orc:1:    layout_caves, lightli_volcano_entry_magma_tube
Orc:2:    st_orc_open, layout_caves, uniq_saint_roka, uniq_azrael, uniq_maurice,
          uniq_donald

Skill      XL: |  1  2  3  4  5  6  7  8  9 10 11 12 13 14 15 |
---------------+----------------------------------------------+-----
Fighting       | 4 5 6 7 9 11 12 14 16 18 19 21 | 21.6
Axes           | 4 5 6 7 9 11 12 14 16 18 19 21 | 21.6
Shields        | 1 2 3 4 5 |  5.0
Armour         | 4 6 7 9 10 11 13 14 15 | 15.0
Evocations     | 2 5 |  5.0
Dodging        | |  2.1

Action                     |  1- 3 |  4- 6 |  7- 9 | 10-12 | 13-15 | 16-18 || total
---------------------------+-------+-------+-------+-------+-------+-------++-------
  Melee: Hand axe          |    56 |    72 |   356 |   678 |   119 |       ||  1281
         Headbutt          |     7 |    14 |    72 |   181 |   268 |    32 ||   574
         War axe           |       |       |       |       |   888 |   118 ||  1006
         Unarmed           |       |       |       |       |    10 |       ||    10
 Invoke: Berserk           |       |     2 |     4 |     5 |    12 |     4 ||    27
         Brothers in Arms  |       |       |       |       |     5 |     1 ||     6
         Trog's Hand       |       |       |       |       |     1 |       ||     1
    Use: Scroll            |     1 |       |     8 |    10 |     9 |       ||    28
 Armour: Animal skin       |    23 |       |       |       |       |       ||    23
         Plate armour      |     7 |    53 |   239 |   397 |    37 |       ||   733
         Chain mail        |       |       |       |       |   552 |   122 ||   674
         Skin              |       |       |       |       |     6 |       ||     6
  Dodge: Dodged            |    28 |    23 |   169 |   319 |   382 |    80 ||  1001
  Block: Buckler           |     7 |     6 |    74 |   182 |   327 |    31 ||   627
         Reflection        |       |       |       |     1 |    14 |       ||    15
         Other             |       |       |       |       |     2 |       ||     2
